 Dungeon Sprint DCSS version 0.21-a0-52-gbf49515 (webtiles) character file.

8 Kidiri the Ruffian (level 2, -26/31 HPs)
             Began as a Troll Monk on June 13, 2017.
             Was a Believer of Wu Jian.
             Killed from afar by a deep elf mage (39 damage)
             ... with a bolt of lightning
             ... in the Dungeon (Sprint V: "Ziggurat Sprint").
             The game lasted 00:01:07 (73 turns).

Kidiri the Ruffian (Troll Monk)                       Turns: 73, Time: 00:01:07

Health: -26/31     AC: 20    Str: 18    XL:     2   Next: 0%
Magic:  1/1        EV:  0    Int:  6    God:    Wu Jian [**....]
Gold:   0          SH:  0    Dex: 12    Spells: 1/1 levels left

rFire    + . .     SeeInvis .     - Unarmed
rCold    + . .     Gourm    +   (no shield)
rNeg     . . .     Faith    .   I - +5 gold dragon scales
rPois    +         Spirit   .   (helmet restricted)
rElec    .         Reflect  .   (no cloak)
rCorr    .         Harm     .   (gloves unavailable)
MR       .....     NoTele   +   (boots unavailable)
Stlth    ..........             (no amulet)
Regen    0.5/turn               (no ring)
MPRegen  0.1/turn               (no ring)

@: no status effects
A: unfitting armour, claws 3, fast metabolism 3, gourmand, regeneration 1,
shaggy fur 1, tough skin 2
a: Renounce Religion


You were in the Dungeon.
You worshipped Wu Jian.
Wu Jian was pleased with you.
You were not hungry.

You visited 1 branch

Inventory:

Armour
 a - a +0 robe
 s - the +18 shield of the Gong {rElec rN+ MR+ EV-5}
   (You found it in the Dungeon)

   It affects your evasion (-5).
   It insulates you from electricity.
   It protects you from negative energy.
   It affects your resistance to hostile enchantments.
 I - +5 gold dragon scales (worn)
Jewellery
 m - a +6 ring of dexterity
 n - a +6 ring of dexterity
 o - a +6 ring of intelligence
 p - a +6 ring of intelligence
 q - a +6 ring of strength
 r - a +6 ring of strength
Wands
 i - a wand of disintegration (7/24)
 j - a wand of iceblast (5/15)
 k - a wand of lightning (5/15)
 l - a wand of acid (5/15)
Scrolls
 h - 4 scrolls of blinking
 v - 4 scrolls of amnesia
 w - 3 scrolls of recharging
 x - 7 scrolls of fog
 y - a scroll of holy word
 z - 5 scrolls of identify
 A - 5 scrolls of remove curse
 B - 2 scrolls of fear
Potions
 c - 10 potions of curing
 d - 10 potions of heal wounds
 e - 6 potions of haste
 f - 7 potions of magic
 g - 3 potions of berserk rage
 C - 2 potions of brilliance
 D - 2 potions of invisibility
 E - 4 potions of resistance
 G - 5 potions of agility
 H - 5 potions of might
Comestibles
 b - 6 bread rations
 t - 42 fruits
 u - 4 meat rations


   Skills:
 * Level 3.6 Fighting
 + Level 1.5 Armour
 * Level 3.5 Dodging
 * Level 2.2 Stealth
 + Level 1.6 Shields
 * Level 4.4 Unarmed Combat


You had one spell level left.
You didn't know any spells.

Dungeon Overview and Level Annotations

Branches:
Dungeon (1/1)

Altars:
Ashenzari
Cheibriados
Dithmenos
Elyvilon
Fedhas
Gozag
Hepliaklqana
Kikubaaqudgha
Makhleb
Nemelex Xobeh
Okawaru
Qazlal
Ru
Sif Muna
Trog
Uskayaw
Vehumet
Wu Jian
Xom
Yredelemnul
Zin
The Shining One
Beogh
Jiyva
Lugonu

Annotations:
D 1 transporter


Innate Abilities, Weirdness & Mutations

You are too large for most types of armour.
You have claws for hands.
Your metabolism is lightning-fast.
You like to eat raw meat.
Your natural rate of healing is unusually fast.
You are covered in fur. (AC +1)
You have very tough skin. (AC +2)


Message History

You claw the deep elf mage!
The deep elf mage is moderately wounded.
You attack the deep elf mage from above.
You claw the deep elf mage!
The deep elf mage is moderately wounded.
The deep elf mage hits you but does no damage. x2
You spin and attack the deep elf mage repeatedly.
You claw the deep elf mage!
The deep elf mage is heavily wounded.
You claw the deep elf mage!
The deep elf mage is severely wounded.
You spin and attack the deep elf mage.
You mangle the deep elf mage!!
The deep elf mage is almost dead.
The deep elf mage hits you but does no damage.
The deep elf mage casts a spell at you. The bolt of lightning hits you!
Ouch! That really hurt!
The bolt of lightning hits you!
Ouch! That really hurt!
You die...

▓▓▓▓▓▓▓
▓.8©8.▓
▓.....▓
▓.§§§.▓
▓.e.§.▓
▓.e@§.▓
▓.....▓
▓▓▓▓▓▓▓


You could see 2 deep elf magi.

Vanquished Creatures (others)
  A spatial maelstrom (D)
1 creature vanquished.

Notes
Turn   | Place    | Note
-------+----------+-------------------------------------------
     0 | D        | Kidiri the Troll Monk began the quest for the Orb.
     0 | D        | Reached XP level 1. HP: 22/22 MP: 0/0
     3 | D        | Found a bloodstained altar of Trog.
     3 | D        | Found a deep blue altar of Sif Muna.
     3 | D        | Found a sacrificial altar of Ru.
     3 | D        | Found a stormy altar of Qazlal.
     3 | D        | Found an iron altar of Okawaru.
     3 | D        | Banished a spatial maelstrom
    10 | D        | Became a worshipper of the Wu Jian Council
    10 | D        | Reached * piety under Wu Jian
    10 | D        | Reached ** piety under Wu Jian
    15 | D        | Found a sparkling altar of Nemelex Xobeh.
    17 | D        | Found a corrupted altar of Lugonu.
    17 | D        | Found an ancient bone altar of Kikubaaqudgha.
    17 | D        | Found a burning altar of Makhleb.
    17 | D        | Found a transporter.
    17 | D        | Found a viscous altar of Jiyva.
    17 | D        | Found a hazy altar of Hepliaklqana.
    28 | D        | Found an opulent altar of Gozag.
    29 | D        | Found a blossoming altar of Fedhas.
    52 | D        | Reached skill level 1 in Armour
    52 | D        | Reached skill level 1 in Shields
    52 | D        | Reached skill level 4 in Unarmed Combat
    52 | D        | Reached XP level 2. HP: 31/31 MP: 1/1
    69 | D        | Entered arena 2.
    69 | D        | Noticed a deep elf mage
    69 | D        | Noticed a deep elf mage
    69 | D        | Found a transporter.
    73 | D        | Killed from afar by a deep elf mage

Vault maps used:
D:        sprint_v

Skill      XL: |  1 |
---------------+----+-----
Fighting       | 3 |  3.6
Armour         | 1 |  1.5
Dodging        | 3 |  3.5
Stealth        | 2 |  2.2
Shields        | 1 |  1.6
Unarmed Combat | 4 |  4.4

Action                   || total
-------------------------++-------
Melee: Unarmed           ||     7
  Use: Potion            ||     1
Armor: Gold dragon scale ||     3
